 Dungeon Crawl Stone Soup version 0.18.1-5-g4a78601 (webtiles) character file.

107 PossumBlood the Slasher (level 4, -4/39 HPs)
             Began as a Minotaur Fighter on May 12, 2016.
             Killed by divine providence
             ... invoked by an orc priest
              (13 damage)
             ... on level 3 of the Dungeon.
             The game lasted 00:03:55 (1473 turns).

PossumBlood the Slasher (Minotaur Fighter)          Turns: 1473, Time: 00:03:56

Health: -4/39      AC:  6    Str: 21    XL:     4   Next: 56%
Magic:  3/3        EV:  7    Int:  7    God:
Gold:   104        SH: 10    Dex: 10    Spells: 0 memorised, 3 levels left

rFire  . . .     SeeInvis +     a - +0 long sword
rCold  . . .     Gourm    .     b - +0 scale mail
rNeg   . . .     Faith    .     c - +1 shield
rPois  .         Spirit   .     (helmet restricted)
rElec  .         Dismiss  .     (no cloak)
rCorr  .         Reflect  .     (no gloves)
SustAt .         Harm     .     (no boots)
MR     .....                    (no amulet)
Stlth  ..........               (no ring)
                                j - ring of see invisible

@: not resistant to hostile enchantments, extremely unstealthy
A: retaliatory headbutt, horns 2, clever 1
a: no special abilities


You were on level 3 of the Dungeon.
You were not hungry.

You visited 1 branch of the dungeon, and saw 3 of its levels.

You collected 104 gold pieces.

Inventory:

Hand Weapons
 a - a +0 long sword (weapon)
Armour
 b - a +0 scale mail (worn)
 c - a +1 shield (worn)
Jewellery
 j - a ring of see invisible (left hand)
Potions
 d - a potion of might
 l - a potion of heal wounds {unknown}
 m - 3 potions of lignification {unknown}
 n - 3 potions of curing {unknown}
 s - a potion of flight {unknown}
 u - a potion of degeneration {unknown}
Comestibles
 f - 2 bread rations
 p - a meat ration
 q - a slice of pizza
 r - a royal jelly


   Skills:
 - Level 3.6 Fighting
 * Level 5.9 Long Blades
 - Level 3.6 Armour
 - Level 3.6 Shields


You had 3 spell levels left.
You didn't know any spells.

Dungeon Overview and Level Annotations

Branches:
Dungeon (3/15)

Altars:


Innate Abilities, Weirdness & Mutations

You reflexively headbutt those who attack you in melee.
You have a pair of horns on your head.
Your mind is acute. (Int +2)


Message History

You closely miss the orc wizard.
The orc wizard hits you but does no damage.
You block the hobgoblin's attack. The orc priest hits you with a club.
The orc hits you but does no damage. The orc wizard hits you with a dagger.
You hit the orc wizard. You headbutt the orc wizard!
You kill the orc wizard!
You block the hobgoblin's attack.
The orc priest miscasts a cantrip.
The orc hits you with a club. The hobgoblin hits you.
* * * LOW HITPOINT WARNING * * *
You are too injured to fight recklessly!
You are too injured to fight recklessly!
You are too injured to fight recklessly!
You block the kobold's attack.
The hobgoblin hits you but does no damage.
There is a stone staircase leading up here.
The kobold hits you but does no damage.
The orc priest mumbles some strange prayers to Beogh against you.
Beogh smites you!
You die...

...... ....
....####...#
).........#
#.......?##
.........# .####
#..g<.....
......###)o)..#...
#..@Kg........
#####o....#...
#.....# #.....#
#.....# #######


You could see an orc priest, an orc, a hobgoblin, a goblin and a kobold.

Vanquished Creatures
  An orc wizard (D:3)
  2 adders (D:2)
  2 worms (D:2)
  5 giant geckos
  An orc (D:3)
  A ball python (D:1)
  A giant cockroach (D:1)
  5 goblins
  6 hobgoblins
  2 jackals (D:2)
  9 bats
  2 giant newts
  6 kobolds
  10 rats
53 creatures vanquished.

Notes
Turn   | Place    | Note
--------------------------------------------------------------
     0 | D:1      | PossumBlood the Minotaur Fighter began the quest for the Orb.
     0 | D:1      | Reached XP level 1. HP: 19/19 MP: 0/0
    75 | D:1      | Reached skill level 3 in Long Blades
    89 | D:1      | Reached XP level 2. HP: 26/26 MP: 1/1
   324 | D:1      | Reached skill level 4 in Long Blades
   562 | D:2      | Reached XP level 3. HP: 17/31 MP: 2/2
   983 | D:2      | Reached skill level 5 in Long Blades
  1279 | D:2      | Reached XP level 4. HP: 39/39 MP: 3/3
  1408 | D:2      | Gained mutation: Your mind is acute. (Int +2) [potion of beneficial mutation]
  1473 | D:3      | Killed from afar by an orc priest

Skill      XL: |  1  2  3 |
---------------+----------+-----
Long Blades    | 3 4 5 |  5.9
Fighting       | |  3.6
Armour         | |  3.6
Shields        | |  3.6

Action                   |  1- 3 |  4- 6 || total
-------------------------+-------+-------++-------
Melee: Long sword        |    94 |    16 ||   110
       Headbutt          |    16 |     2 ||    18
  Use: Scroll            |       |     6 ||     6
       Potion            |       |     1 ||     1
  Eat: Bread ration      |     1 |       ||     1
Armor: Scale mail        |    31 |    14 ||    45
Dodge: Dodged            |    28 |     4 ||    32
Block: Shield            |    45 |     9 ||    54
